 Dungeon Crawl Stone Soup version 0.30-b1-2-g02819fbbbe (webtiles) character file.

Game seed: 6154199515243438828

0 Alarkh the Vexing (level 1, 0/15 HPs)
             Began as a Demonspawn Hexslinger on July 11, 2023.
             Slain by a jackal (2 damage)
             ... on level 1 of the Dungeon.
             The game lasted 00:00:13 (123 turns).

Alarkh the Vexing (Demonspawn Hexslinger)            Turns: 123, Time: 00:00:13

Health: 0/15       AC:  2    Str: 10    XL:     1   Next: 8%
Magic:  2/2        EV: 12    Int: 14    God:
Gold:   7          SH:  0    Dex: 13    Spells: 1/2 levels left

rFire   . . .        a - +1 sling
rCold   . . .        (no shield)
rNeg    . . .        c - +0 robe
rPois   .            (no helmet)
rElec   .            (no cloak)
rCorr   .            (no gloves)
SInv    .            (no boots)
Will    .....        (no amulet)
Stlth   +            (no ring)
HPRegen 0.22/turn    (no ring)
MPRegen 0.08/turn

%: no passive effects
@: no status effects
A: no striking features
a: no special abilities


You were on level 1 of the Dungeon.
You visited 1 branch of the dungeon, and saw 1 of its levels.

You collected 7 gold pieces.

Inventory:

Hand Weapons
 a - a +1 sling (weapon)
Armour
 c - a +0 robe (worn)
Scrolls
 b - a scroll of poison
Potions
 d - a potion of magic {unknown}


   Skills:
 + Level 1.0 Fighting
 * Level 1.8 Ranged Weapons
 - Level 1.7 Dodging
 - Level 1.0 Spellcasting
 - Level 3.0 Hexes


You had one spell level left.
You knew the following spells:

 Your Spells              Type           Power      Damage    Failure   Level
a - Slow                  Hex            36%        N/A       8%          1

Your spell library contained the following spells:

 Spells                   Type           Power      Damage    Failure   Level
 Inner Flame              Hex/Fire       4%         N/A       38%         3
 Portal Projectile        Hex/Tloc       8%         N/A       38%         3
 Cause Fear               Hex            4%         N/A       58%         4


Dungeon Overview and Level Annotations

Branches:
Dungeon (1/15)

Altars:

Shops:
D:1 !


Message History

You shoot a sling bullet. The sling bullet hits the jackal.
The jackal is severely wounded.
The jackal bites you.
A jackal comes into view.
The jackal closely misses you.
You shoot a sling bullet. The jackal barks!
The sling bullet hits the jackal but does no damage.
The jackal is severely wounded.
The jackal closely misses you. The jackal barely misses you.
You shoot a sling bullet. The sling bullet misses the jackal.
The sling bullet hits the endoplasm.
The endoplasm is lightly wounded.
The jackal misses you. x2; The jackal bites you.
You shoot a sling bullet. The sling bullet misses the jackal.
The sling bullet hits the endoplasm.
The endoplasm is moderately wounded.
The jackal bites you. The jackal barely misses you.
The jackal bites you but does no damage.
The endoplasm freezes you.
You are frozen.
The jackal barely misses you. The jackal closely misses you.
The endoplasm hits you but does no damage.
The jackal attacks as you move away! The jackal bites you.
The jackal barely misses you. The endoplasm barely misses you.
The endoplasm attacks as you move away! The endoplasm hits you.
* * * LOW HITPOINT WARNING * * *
The endoplasm attacks as you move away! The endoplasm hits you.
* * * LOW HITPOINT WARNING * * *
The jackal attacks as you move away! The jackal barely misses you.
The endoplasm attacks as you move away! The endoplasm barely misses you.
The jackal closely misses you. The jackal attacks as you move away!
The jackal bites you.
* * * LOW HITPOINT WARNING * * *
You shoot a sling bullet.
The sling bullet barely misses the jackal.
The sling bullet hits the jackal.
The jackal is almost dead.
The jackal bites you.
You die...

#..... ####.#... #....#...
#############.#######
.#.###..∩.............>...
...).......J.#...#########
##.##.....h.##.###
#..$.#..###J..#
.........@hh.### #
#.#.##$..##### . # #.
#.#.. # . ...##. ...... ..
.#..


You could see an endoplasm and 2 jackals.

Vanquished Creatures
  A ball python (D:1)
1 creature vanquished.

Notes
Turn   | Place    | Note
-------+----------+-------------------------------------------
     0 | D:1      | Alarkh the Demonspawn Hexslinger began the quest for the
                  | Orb.
     0 | D:1      | Reached XP level 1. HP: 15/15 MP: 2/2
    97 | D:1      | Found Ziapt's Distillery.
   123 | D:1      | Slain by a jackal

Illustrated notes

Levels and vault maps discovered:
D:1:      onia_arrival_mini_maze, layout_rooms, serial_shops,
          nicolae_shop_gaudy_bauble, shop, nicolae_shop_hallway_plus,
          nicolae_shop_bloodbath_and_beyond

Action                     || total
---------------------------++-------
   Fire: Sling             ||    11
 Armour: Robe              ||     3
  Dodge: Dodged            ||    14
